 Dungeon Crawl Stone Soup version 0.28-a0-687-gb91baff9cc (webtiles) character file.

Game seed: 2336931976188842245

369 khargal the Covert (level 7, -3/40 HPs)
             Began as a Kobold Brigand on Oct 19, 2021.
             Slain by Menkaure (4 damage)
             ... on level 4 of the Dungeon.
             The game lasted 00:09:42 (2654 turns).

khargal the Covert (Kobold Brigand)                 Turns: 2654, Time: 00:09:43

Health: -3/40      AC: 10    Str:  8    XL:     7   Next: 1%
Magic:  7/7        EV: 15    Int: 12    God:
Gold:   88         SH:  0    Dex: 19    Spells: 6/6 levels left

rFire   . . .      SeeInvis .   m - +2 dagger (protect)
rCold   . . .      Faith    .   (shield restricted)
rNeg    . . .      Spirit   .   l - +0 robe {Will+}
rPois   .          Reflect  .   (no helmet)
rElec   .          Harm     .   c - +0 cloak
rCorr   .          Rampage  .   (no gloves)
Will    +....                   (no boots)
Stlth   ++++++....              (no amulet)
HPRegen 0.13/turn               (no ring)
MPRegen 0.10/turn               (no ring)

@: under a protective aura
A: small, no large weapons, nightstalker 3
a: no special abilities


You were on level 4 of the Dungeon.
You visited 1 branch of the dungeon, and saw 5 of its levels.

You collected 88 gold pieces.

Inventory:

Hand Weapons
 a - a +2 dagger
 i - a +1 spectral club
 m - a +2 dagger of protection (weapon)
Missiles
 d - 8 poisoned darts (quivered)
 e - 2 curare-tipped darts
Armour
 b - a +0 robe
 c - a +0 cloak (worn)
 l - a +0 robe of willpower (worn)
Wands
 g - a wand of flame (18)
Potions
 f - a potion of mutation {unknown}
 h - 2 potions of berserk rage
 j - 2 potions of curing {unknown}
 k - a potion of heal wounds {unknown}


   Skills:
 - Level 2.1 Fighting
 + Level 3.7 Short Blades
 + Level 2.4 Throwing
 * Level 2.7 Dodging
 * Level 9.9 Stealth


You had 6 spell levels left.
You didn't know any spells.
Your spell library contained the following spells:

 Spells                   Type           Power      Damage    Failure   Level
 Corpse Rot               Necr/Air       0%         N/A       45%         2
 Poisonous Vapours        Pois/Air       0%         N/A       45%         2
 Frozen Ramparts          Ice            0%         1d2       69%         3
 Animate Dead             Necr           0%         N/A       97%         4
 Ice Form                 Ice/Tmut       0%         N/A       97%         4
 Summon Ice Beast         Ice/Summ       0%         N/A       97%         4
 Haunt                    Necr/Summ      0%         N/A       100%        7
 Infestation              Necr           0%         N/A       100%        8


Dungeon Overview and Level Annotations

Branches:
Dungeon (5/15)
 Temple: D:4-7

Altars:

Annotations:
D:4 Menkaure


Innate Abilities, Weirdness & Mutations

You are small and have problems with some larger weapons.
You are completely attuned to the shadows.


Message History

You barely miss Menkaure.
Menkaure is lightly damaged.
You hit Menkaure.
Menkaure is moderately damaged.
Menkaure closely misses you.
You hit Menkaure.
Menkaure is moderately damaged.
You hit Menkaure but do no damage.
Menkaure is moderately damaged.
Menkaure closely misses you.
You hit Menkaure but do no damage.
Menkaure is moderately damaged.
Menkaure hits you!
You hit Menkaure but do no damage.
Menkaure is moderately damaged.
You hit Menkaure.
Menkaure is moderately damaged.
Menkaure hits you!!
* * * LOW HITPOINT WARNING * * *
You barely miss Menkaure.
Menkaure is moderately damaged.
Menkaure closely misses you.
You hit Menkaure but do no damage.
Menkaure is moderately damaged.
You hit Menkaure.
Menkaure is moderately damaged.
Menkaure closely misses you.
You hit Menkaure but do no damage.
Menkaure is moderately damaged.
Menkaure hits you.
* * * LOW HITPOINT WARNING * * *
You hit Menkaure but do no damage.
Menkaure is moderately damaged.
You hit Menkaure.
Menkaure is moderately damaged.
Menkaure completely misses you.
You completely miss Menkaure.
Menkaure is moderately damaged.
Menkaure hits you.
You die...

### #.## ##..# .
#...# ..#####...#
.$...###.##
...M@..#..###
...........†###
..............##
...............##
........##......##
........#.....####
...#.....#..#
##........
#........


You could see Menkaure.

Vanquished Creatures
  Sigmund (D:2)
  An ogre (D:4)
  Jessica (D:2)
  An iguana (D:5)
  A hound zombie (D:5)
  2 adders (D:2)
  2 dart slugs (D:2)
  3 orcs
  2 ball pythons (D:1)
  3 endoplasms
  A goblin (D:2)
  5 hobgoblins
  2 kobolds
  2 quokkas (D:2)
  4 bats
  2 frilled lizards
  2 rats
35 creatures vanquished.

Notes
Turn   | Place    | Note
-------+----------+-------------------------------------------
     0 | D:1      | khargal the Kobold Brigand began the quest for the Orb.
     0 | D:1      | Reached XP level 1. HP: 12/12 MP: 1/1
   135 | D:1      | Found a faded altar of an unknown god.
   516 | D:1      | Reached XP level 2. HP: 16/17 MP: 2/2
   718 | D:2      | Noticed Jessica
   725 | D:2      | Killed Jessica
   726 | D:2      | Reached skill level 6 in Stealth
   726 | D:2      | Reached XP level 3. HP: 21/21 MP: 3/3
   895 | D:2      | Reached XP level 4. HP: 26/26 MP: 4/4
  1110 | D:2      | Reached skill level 7 in Stealth
  1254 | D:2      | Noticed Sigmund
  1256 | D:2      | Killed Sigmund
  1257 | D:2      | Reached skill level 8 in Stealth
  1257 | D:2      | Reached XP level 5. HP: 30/30 MP: 5/5
  1257 | D:2      | Reached XP level 6. HP: 35/35 MP: 6/6
  1327 | D:2      | Reached skill level 9 in Stealth
  1863 | D:3      | You fall into a shaft and drop 2 floors!
  1863 | D:5      | Entered Level 5 of the Dungeon
  2300 | D:4      | Noticed an ogre
  2337 | D:4      | Killed an ogre
  2338 | D:4      | Reached XP level 7. HP: 7/40 MP: 7/7
  2631 | D:4      | Noticed Menkaure
  2651 | D:4      | HP: 1/40 [Menkaure (4)]
  2654 | D:4      | Slain by Menkaure

Illustrated notes

Levels and vault maps discovered:
D:1:      tarquinn_simple_flora_water_b, layout_basic, basic_ecumenical_altar
D:2:      layout_basic, uniq_sigmund, uniq_jessica
D:3:      layout_basic
D:4:      layout_cave_pools, minmay_temple_entry_stoned_glass, uniq_ijyb,
          uniq_eustachio, uniq_menkaure, uniq_blork_the_orc, uniq_robin
D:5:      layout_basic

Skill      XL: |  1  2  3  4  5  6 |
---------------+-------------------+-----
Short Blades   | 3 |  3.7
Stealth        | 6 8 9 |  9.9
Dodging        | 2 |  2.7
Fighting       | |  2.1
Throwing       | |  2.4

Action                   |  1- 3 |  4- 6 |  7- 9 || total
-------------------------+-------+-------+-------++-------
Melee: Dagger            |    23 |    67 |    23 ||   113
Throw: Dart              |       |     1 |     1 ||     2
  Use: Scroll            |     1 |       |       ||     1
       Potion            |       |     1 |       ||     1
 Stab: Sleeping          |    10 |    12 |     1 ||    23
Armor: Robe              |     4 |     3 |     3 ||    10
Dodge: Dodged            |    10 |    28 |     9 ||    47

Table legend: (Time is in decaauts)
 A = Elapsed time spent in this place.
 B = Non-inter-level travel time spent in this place.
 C = Inter-level travel time spent in this place.
 D = Time resting spent in this place.
 E = Time spent auto-exploring this place.
 F = Levels seen in this place.
 G = Mean time per level.
                   A        B        C        D        E       F      G
               +--------+--------+--------+--------+--------+-----+--------+
         Total |   2634 |   2445 |    189 |      0 |   2038 |   5 |  526.8 |
       Dungeon |   2634 |   2445 |    189 |      0 |   2038 |   5 |  526.8 |
               +--------+--------+--------+--------+--------+-----+--------+

Top non-repeatable levels by time:
     D:2: 1146 daAuts
     D:4: 732 daAuts
     D:1: 694 daAuts
     D:5: 46 daAuts
     D:3: 14 daAuts
